 Dungeon Crawl Stone Soup version 0.28.0-62-gf88900778d (webtiles) character file.

Game seed: 6683034827983283179

854 cbfl8 the Chopper (level 7, -6/53 HPs)
             Began as a Demonspawn Fighter on July 5, 2023.
             Mangled by Duvessa
             ... wielding a +0 short sword
              (11 damage)
             ... on level 5 of the Dungeon.
             The game lasted 00:06:44 (7421 turns).

cbfl8 the Chopper (Demonspawn Fighter)              Turns: 7421, Time: 00:06:45

Health: -6/53      AC:  9    Str: 16    XL:     7   Next: 70%
Magic:  6/6        EV:  5    Int:  9    God:
Gold:   75         SH: 14    Dex: 15    Spells: 6/6 levels left

rFire   . . .      SeeInvis .   a - +0 war axe (chaos)
rCold   . . .      Faith    .   n - +1 tower shield {rPois}
rNeg    + . .      Spirit   .   b - +0 scale mail
rPois   +          Reflect  .   (helmet restricted)
rElec   .          Harm     .   (no cloak)
rCorr   .          Rampage  .   (no gloves)
Will    .....                   (no boots)
Stlth   ..........              (no amulet)
HPRegen 0.17/turn               j - ring of positive energy
MPRegen 0.10/turn               m - ring of poison resistance

@: no status effects
A: horns 1, sharp scales 2, hooves 1, low MP 1
a: no special abilities


You were on level 5 of the Dungeon.
You visited 1 branch of the dungeon, and saw 6 of its levels.

You collected 250 gold pieces.
You spent 175 gold pieces at shops.

Inventory:

Hand Weapons
 a - a +0 war axe of chaos (weapon)
 c - the +6 fustibalus "Cusaostra" {venom, rPois MP-9 Str+4 Dex+2}
   (You found it on level 5 of the Dungeon)

   Any ammunition fired from it poisons the flesh of those it strikes.
   Str:       It affects your strength (+4).
   Dex:       It affects your dexterity (+2).
   rPois:     It protects you from poison.
   MP:        It affects your magic capacity (-9).
Missiles
 f - 13 sling bullets
Armour
 b - a +0 scale mail (worn)
 n - a +1 tower shield of poison resistance (worn)
Jewellery
 h - a ring of resist corrosion
 j - a ring of positive energy (left hand)
 m - a ring of poison resistance (right hand)
Wands
 d - a wand of iceblast (5) (quivered)
Scrolls
 g - 3 scrolls of noise
Potions
 e - 2 potions of haste
 k - a potion of degeneration {unknown}
 l - a potion of attraction {unknown}


   Skills:
 + Level 3.9 Fighting
 + Level 4.7 Axes
 * Level 1.2(2.1) Slings
 * Level 2.5(2.7) Throwing
 + Level 4.0 Armour
 + Level 0.7 Dodging
 + Level 1.3 Stealth
 + Level 3.3 Shields
 * Level 3.1 Evocations


You had 6 spell levels left.
You didn't know any spells.
Your spell library contained the following spells:

 Spells                   Type           Power      Damage    Failure   Level
 Magic Dart               Conj           0%         1d3       100%        1
 Call Imp                 Summ           0%         N/A       100%        2
 Mephitic Cloud           Conj/Pois/Air  0%         N/A       100%        3
 Tukima's Dance           Hex            0%         N/A       100%        3
 Anguish                  Hex/Necr       0%         N/A       100%        4
 Enfeeble                 Hex            0%         N/A       100%        7


Dungeon Overview and Level Annotations

Branches:
Dungeon (6/15)
 Temple: D:4-7

Altars:
Kikubaaqudgha
Nemelex Xobeh
Wu Jian

Shops:
D:4 [

Annotations:
D:5 Duvessa
D:6 1 transporter, Edmund, Eustachio, Menkaure, Sigmund


Innate Abilities, Weirdness & Mutations

You have a pair of small horns on your head.
You are mostly covered in razor-sharp scales. (AC +2, Slay +2)
You have large cloven feet.
Your magical capacity is low. (-10% MP)


Message History

You bump into the rock wall.
Duvessa hits you but does no damage. Duvessa hits you with a +0 short sword!
Eustachio the Magnificent comes into view.
He is wielding a +0 falchion and wearing a +1 leather armour of fire resistance.
Duvessa barely misses you.
There is a stone staircase leading up here.
You feel less confused.
Duvessa hits you with a +0 short sword! x2
You climb upwards.
Reactivating autopickup.
There is a stone staircase leading down here.
Okay, then.
As you read the scroll labelled EPPAOMIFICS, it crumbles to dust.
It is a scroll of brand weapon.
Your +0 war axe erupts in a glittering mayhem of colour.
a - a +0 war axe of chaos (weapon)
Duvessa closely misses you.
Aiming: Iceblast
Press: ? - help, Q - select action Shift-Dir - straight line
Okay, then.
You feel better. You block Duvessa's attack. x2
Okay, then.
You hit Duvessa. You burn Duvessa.
Duvessa is lightly wounded.
You block Duvessa's attack. x2
You slash Duvessa! You headbutt Duvessa, but do no damage.
Duvessa is moderately wounded.
You block Duvessa's attack. Duvessa hits you with a +0 short sword.
Duvessa closely misses you.
You hit Duvessa.
Duvessa suddenly seems more agile.
You headbutt Duvessa.
Duvessa is moderately wounded.
Duvessa hits you with a +0 short sword! You block Duvessa's attack.
Duvessa rages.
You block Duvessa's attack. Duvessa hits you with a +0 short sword.
Duvessa hits you with a +0 short sword!
* * * LOW HITPOINT WARNING * * *
It was a potion of mutation.
You feel extremely strange.
You feel less energetic.
Your feet thicken and deform.
Duvessa hits you with a +0 short sword!
You die...

.........[...#.........'.........
.............#.........#.........
###.######'###.........#...##+##.
##..###..............#######.....
......#.....>........# #.....
......#..............# #.....
......#......#######'#######.....
......#.....##.e.##...##...##....
##....#.....#>.8@.'.8....8.<#####
######.....##...##...##...##
######.#######.#######
#......##.## #......#...# ######
#......#.8.# #..... #......#...#
#..... #......##>## #.....
#.......### #.....


You could see Duvessa (berserk, agile).

Vanquished Creatures
  An ice beast (D:6)
  An ogre (D:5)
  A bullfrog (D:5)
  A scorpion (D:3)
  Dowan (D:6)
  2 jellies (D:5)
  3 wights (D:4)
  A bullfrog zombie (D:6)
  A hound (D:4)
  An orc wizard (D:5)
  2 hound skeletons (D:5)
  10 adders
  A white imp (D:5)
  An ufetubus (D:5)
  An adder skeleton (D:4)
  A worm (D:2)
  2 orcs (D:5)
  7 bats
  5 endoplasms
  3 giant cockroaches
  6 goblins
  10 hobgoblins
  4 jackals (D:4)
  2 quokkas (D:1)
  7 ball pythons
  4 frilled lizards
  8 kobolds
  7 rats
94 creatures vanquished.

Notes
Turn   | Place    | Note
-------+----------+-------------------------------------------
     0 | D:1      | cbfl8 the Demonspawn Fighter began the quest for the Orb.
     0 | D:1      | Reached XP level 1. HP: 18/18 MP: 1/1
   454 | D:1      | Gained mutation: You are partially covered in razor-sharp
                  | scales. (AC +1, Slay +1) [demonic ancestry]
   454 | D:1      | Reached XP level 2. HP: 24/24 MP: 2/2
   767 | D:1      | Found a faded altar of an unknown god.
  1240 | D:2      | Found an ancient bone altar of Kikubaaqudgha.
  1312 | D:2      | Reached skill level 1 in Evocations
  1341 | D:2      | Gained mutation: You are mostly covered in razor-sharp
                  | scales. (AC +2, Slay +2) [demonic ancestry]
  1341 | D:2      | Reached XP level 3. HP: 25/29 MP: 3/3
  2255 | D:3      | Noticed a scorpion
  2261 | D:3      | Killed a scorpion
  2262 | D:3      | Reached skill level 1 in Throwing
  2262 | D:3      | Reached XP level 4. HP: 22/35 MP: 4/4
  2812 | D:3      | Found a sparkling altar of Nemelex Xobeh.
  3010 | D:3      | Gained mutation: You have a pair of small horns on your
                  | head. [demonic ancestry]
  3010 | D:3      | Reached XP level 5. HP: 41/41 MP: 5/5
  3498 | D:4      | Found an ornate altar of the Wu Jian Council.
  3940 | D:4      | Found Ingac's Armour Boutique.
  4449 | D:4      | Bought a +1 tower shield of poison resistance for 175 gold
                  | pieces
  4475 | D:5      | Entered Level 5 of the Dungeon
  4485 | D:4      | Reached XP level 6. HP: 35/47 MP: 6/6
  4982 | D:5      | Reached skill level 1 in Stealth
  5920 | D:5      | Reached XP level 7. HP: 49/53 MP: 7/7
  5965 | D:5      | Identified the +6 fustibalus "Cusaostra" {venom, rPois MP-9
                  | Str+4 Dex+2}
  6520 | D:5      | Identified the +6 mace of Bile {vamp, rPois rC- Stlth+}
  6556 | D:6      | Noticed Menkaure
  6556 | D:6      | Noticed Edmund
  6672 | D:6      | Noticed Sigmund
  6678 | D:6      | Noticed Duvessa
  6809 | D:6      | Noticed Dowan
  6811 | D:6      | Killed Dowan
  6941 | D:6      | Reached skill level 1 in Slings
  7370 | D:6      | Found a transporter.
  7410 | D:6      | Noticed Eustachio
  7421 | D:5      | Gained mutation: Your magical capacity is low. (-10% MP)
                  | [potion of mutation]
  7421 | D:5      | Gained mutation: You have large cloven feet. [potion of
                  | mutation]
  7421 | D:5      | Mangled by Duvessa

Illustrated notes

Levels and vault maps discovered:
D:1:      tarquinn_simple_flora_water_b, layout_loops_corners,
          shapermc_ecumenical_altar_starsandcircs
D:2:      kb_forest_paths, layout_loops_corners, basic_altar,
          chequers_serial_rivers_micro_a, minmay_mini_jars
D:3:      layout_loops_ring, nemelex_diamond_rough_becter,
          kennysheep_flooded_box
D:4:      layout_basic, nicolae_wu_jian_glorious_leap, serial_shops,
          nicolae_shop_waterfront, minmay_fractal_squares_gapless_5
D:5:      layout_gridville, grunt_ministairs_5, hangedman_decor_points
D:6:      gammafunk_cloud_chamber, layout_rooms, uniq_duvessa,
          uniq_blork_the_orc, uniq_menkaure, uniq_sigmund, uniq_edmund,
          uniq_eustachio

Skill      XL: |  1  2  3  4  5  6  7 |
---------------+----------------------+-----
Axes           | 2 3 4 |  4.7
Evocations     | 1 2 3 |  3.1
Armour         | 3 4 |  4.0
Throwing       | 1 2 |  2.5
Shields        | 3 |  3.3
Stealth        | 1 |  1.3
Slings         | 1 |  1.2
Fighting       | |  3.9
Dodging        | |  0.7

Action                   |  1- 3 |  4- 6 |  7- 9 || total
-------------------------+-------+-------+-------++-------
Melee: War axe           |   104 |   114 |    15 ||   233
       Headbutt          |       |    19 |     7 ||    26
       Fustibalus        |       |       |    18 ||    18
 Fire: Fustibalus        |       |       |    14 ||    14
Throw: Throwing net      |       |       |     1 ||     1
  Use: Scroll            |     1 |     5 |     1 ||     7
       Potion            |     1 |     5 |     2 ||     8
Armor: Scale mail        |    60 |    53 |    26 ||   139
Dodge: Dodged            |    40 |    26 |    14 ||    80
Block: Buckler           |    33 |    14 |       ||    47
       Tower shield      |       |    51 |    44 ||    95
